 Dungeon Sprint DCSS version 0.21.1-1-g345015f (webtiles) character file.

3000000 Fang the Axe Maniac (level 20, -29/216 HPs)
             Began as a Minotaur Gladiator on May 9, 2018.
             Was a High Priest of Makhleb.
             Annihilated by a destroyer
             ... wielding a +9 great sword of slicing
              (116 damage)
             ... in the Dungeon (Sprint VIII: "Arena of Blood").
             The game lasted 00:00:25 (30 turns).

Fang the Axe Maniac (Minotaur Gladiator)              Turns: 30, Time: 00:00:25

Health: -29/216    AC:  6    Str: 26    XL:     20   Next: 14%
Magic:  17/39      EV: 31    Int:  5    God:    Makhleb [*****.]
Gold:   0          SH:  0    Dex: 14    Spells: 52/52 levels left

rFire    . . .     SeeInvis .   l - +∞ Axe of Woe
rCold    . . .     Gourm    .   (shield currently unavailable)
rNeg     . . .     Faith    .   b - +0 leather armour
rPois    .         Spirit   .   c - +0 hat
rElec    .         Reflect  .   (no cloak)
rCorr    .         Harm     .   (no gloves)
MR       +....     NoTele   +   (no boots)
Stlth    +++++++...             (no amulet)
HPRegen  0.46/turn              (no ring)
MPRegen  0.26/turn              (no ring)

@: no status effects
A: retaliatory headbutt, horns 2
a: Minor Destruction, Lesser Servant of Makhleb, Major Destruction, Greater
Servant of Makhleb, Renounce Religion


You were in the Dungeon.
You worshipped Makhleb.
Makhleb was extremely pleased with you.
You were not hungry.

You visited 1 branch

Inventory:

Hand Weapons
 a - a +0 war axe
 l - the +∞ Axe of Woe (weapon)
   (You found it in the Dungeon)
Missiles
 d - 3 throwing nets (quivered)
Armour
 b - a +0 leather armour (worn)
 c - a +0 hat (worn)
Scrolls
 k - a scroll of blinking
Potions
 e - a potion of curing
 g - a potion of heal wounds
 h - a potion of haste
 i - 2 potions of magic
 j - a potion of berserk rage
Comestibles
 f - a ration


   Skills:
 O Level 27 Fighting
 O Level 27 Axes
 O Level 27 Throwing
 O Level 27 Armour
 O Level 27 Dodging
 + Level 21.0 Stealth
 + Level 24.1 Unarmed Combat
 + Level 16.9 Spellcasting
 + Level 22.5 Invocations


You had 52 spell levels left.
You didn't know any spells.

Dungeon Overview and Level Annotations

Branches:
Dungeon (1/1)

Altars:
Makhleb


Innate Abilities, Weirdness & Mutations

You reflexively headbutt those who attack you in melee.
You have a pair of horns on your head.


Message History

Unknown command.
You are too injured to fight recklessly!
Unknown command.
You hear a shout! x6
The destroyer blinks!
You hear a shout!
The destroyer blinks!
You hear a shout!
The destroyer blinks!
The eight-headed meat hydra appears out of thin air!
An eight-headed meat hydra comes into view.
An ogre and a vampire knight come into view.
The destroyer is wielding a +9 great sword of slicing.
Things that are here:
a +9 war axe; a +30 ring of slaying A hydra and an orc come into view.
You hear a shout! x10
The destroyer hits you with a +9 great sword of slicing!!!!
Ouch! That really hurt!
You die...

.....###... ..###.
..........###..O...
..#........_...o..
#.......#.....#
...D....#_.<._#
#.......#).)..#..
.#...))).._...D..
.......V))###......
.....###@).....###.
.... #)§§§...# ...
#oV§§...# ..
...§§§..... .
o............
O§.O...........
.......V......#
.ooO#....V...#.
.............#


You could see an eight-headed meat hydra (wandering), 4 destroyers, 2 meat
berserkers and 2 bags of meat.

Vanquished Creatures
  4 ogres (D)
  A two-headed ogre (D)
  16 orcs (D)
21 creatures vanquished.

Notes
Turn   | Place    | Note
-------+----------+-------------------------------------------
     0 | D        | Found the +∞ Axe of Woe
     0 | D        | Fang the Minotaur Gladiator began the quest for the Orb.
     0 | D        | Reached XP level 1. HP: 18/18 MP: 0/0
     3 | D        | Noticed a bag of meat
     3 | D        | Noticed a bag of meat
     4 | D        | Became a worshipper of Makhleb the Destroyer
     5 | D        | Killed a bag of meat
     5 | D        | Reached XP level 2. HP: 41/41 MP: 1/1
     5 | D        | Reached XP level 3. HP: 48/48 MP: 2/2
     5 | D        | Reached XP level 4. HP: 56/56 MP: 3/3
     5 | D        | Reached XP level 5. HP: 62/62 MP: 4/4
     5 | D        | Reached XP level 6. HP: 70/70 MP: 5/5
     5 | D        | Reached XP level 7. HP: 77/77 MP: 6/6
     5 | D        | Reached XP level 8. HP: 83/83 MP: 7/7
     5 | D        | Reached XP level 9. HP: 90/90 MP: 8/8
     5 | D        | Reached XP level 10. HP: 97/97 MP: 9/9
     5 | D        | Reached XP level 11. HP: 104/104 MP: 10/10
     6 | D        | Noticed a bag of meat
     7 | D        | Noticed a bag of meat
     7 | D        | Noticed a bag of meat
     7 | D        | Killed a bag of meat
     7 | D        | Reached * piety under Makhleb
     7 | D        | Reached XP level 12. HP: 88/116 MP: 11/11
     9 | D        | Killed a bag of meat
     9 | D        | Reached XP level 13. HP: 96/125 MP: 12/12
    11 | D        | Noticed a bag of meat
    11 | D        | Noticed a bag of meat
    11 | D        | Killed a bag of meat
    11 | D        | Reached skill level 27 in Axes
    11 | D        | Reached XP level 14. HP: 137/137 MP: 13/13
    12 | D        | Noticed a bag of meat
    12 | D        | Noticed a meat berserker
    12 | D        | Noticed a bag of meat
    13 | D        | Noticed a bag of meat
    13 | D        | Noticed a bag of meat
    13 | D        | Killed a bag of meat
    13 | D        | Reached ** piety under Makhleb
    13 | D        | Reached skill level 1 in Armour
    14 | D        | Noticed a meat berserker
    14 | D        | Killed a bag of meat
    14 | D        | Reached skill level 27 in Dodging
    14 | D        | Reached XP level 15. HP: 155/155 MP: 14/14
    15 | D        | Noticed a meat berserker
    15 | D        | Noticed a meat berserker
    16 | D        | Killed a meat berserker
    16 | D        | Reached skill level 5 in Armour
    17 | D        | Reached *** piety under Makhleb
    17 | D        | Reached XP level 16. HP: 182/182 MP: 15/15
    18 | D        | Killed a meat berserker
    18 | D        | Reached skill level 27 in Fighting
    18 | D        | Reached skill level 27 in Throwing
    18 | D        | Reached XP level 17. HP: 191/191 MP: 16/16
    19 | D        | Killed a meat berserker
    19 | D        | Reached **** piety under Makhleb
    21 | D        | Noticed a large bag of meat
    21 | D        | Reached skill level 27 in Armour
    22 | D        | Killed a meat berserker
    22 | D        | Reached XP level 18. HP: 200/200 MP: 16/29
    22 | D        | Reached ***** piety under Makhleb
    22 | D        | Reached skill level 15 in Unarmed Combat
    22 | D        | Reached skill level 10 in Spellcasting
    24 | D        | Reached skill level 15 in Invocations
    24 | D        | Reached skill level 15 in Stealth
    24 | D        | Reached XP level 19. HP: 207/207 MP: 16/34
    26 | D        | Noticed a destroyer
    26 | D        | Reached skill level 15 in Spellcasting
    27 | D        | Noticed a destroyer
    27 | D        | Noticed a large bag of meat
    27 | D        | Noticed a destroyer
    28 | D        | Noticed a large bag of meat
    28 | D        | Killed a large bag of meat
    28 | D        | Reached XP level 20. HP: 96/216 MP: 17/39
    30 | D        | Noticed a meat berserker
    30 | D        | Noticed a destroyer
    30 | D        | Noticed an eight-headed meat hydra
    30 | D        | Noticed an eight-headed meat hydra
    30 | D        | Annihilated by a destroyer

Skill      XL: |  1  2  3  4  5  6  7  8  9 10 11 12 13 14 15 16 17 18 19 |
---------------+----------------------------------------------------------+-----
Fighting       | 12 13 14 16 20 26 27 | 27.0
Axes           | 20 23 25 27 | 27.0
Throwing       | 9 11 12 13 16 21 27 | 27.0
Dodging        | 18 21 23 24 27 | 27.0
Armour         | 2 6 16 27 | 27.0
Stealth        | 11 15 21 | 21.0
Unarmed Combat | 13 18 24 | 24.1
Spellcasting   | 8 12 16 | 16.9
Invocations    | 12 16 22 | 22.5

Action                   |  1- 3 |  4- 6 |  7- 9 | 10-12 | 13-15 | 16-18 | 19-21 || total
-------------------------+-------+-------+-------+-------+-------+-------+-------++-------
Melee: Executioner's axe |     1 |       |       |     2 |     5 |     5 |     2 ||    15
Dodge: Dodged            |       |       |       |       |     1 |     1 |     1 ||     3
